 Dungeon Crawl Stone Soup version 0.14.1-27-g0f46f74 (webtiles) character file.

2048 JacquesDerrida the Basher (level 9, -3/75 HPs)
             Began as a Naga Chaos Knight on Aug 27, 2014.
             Was a Plaything of Xom.
             Killed from afar by a killer bee (35 damage)
             ... with an exploding inner flame
             ... hexed by Xom
             ... on Level 8 of the Dungeon.
             The game lasted 00:22:15 (4356 turns).

JacquesDerrida the Basher (Naga Chaos Knight)       Turns: 4356, Time: 00:22:15

HP  -3/75        AC  9     Str 14      XL: 9   Next:  9%
MP   9/9         EV  9     Int 14      God: Xom
Gold 252         SH  0     Dex 13      Spells:  0 memorised,  8 levels left

rFire  . . .     SeeInvis +     f - +2 whip (freeze)
rCold  . . .     Clarity  .     b - +2 leather armour
rNeg   . . .     Conserve +     (no shield)
rPois  +         rCorr    .     (no helmet)
rElec  .         rRot     .     t - +0 cloak
SustAb . .       Spirit   .     o - +0 pair of gloves
rMut   .         Warding  .     (no barding)
Saprov . . .     Stasis   .     B - amulet of conservation
MR     +....                    (no ring)
                                (no ring)

@: very slow, somewhat resistant to hostile enchantments, quite stealthy
A: spit poison, see invisible, blink 1, deformed body, poison resistance,
slowness 2, AC +3
a: Spit Poison, Blink, Renounce Religion


You were on level 8 of the Dungeon.
You worshipped Xom.
You were a special plaything of Xom.
You were not hungry.

You visited 1 branch of the dungeon, and saw 8 of its levels.

You collected 252 gold pieces.

Inventory:

Hand weapons
 a - a +0,+0 mace of chaos
 f - a +2,+2 whip of freezing (weapon)
 u - a +2,+2 sling
Missiles
 d - 10 stones
 l - 7 darts of frost (quivered)
 r - 14 poisoned needles
Armour
 b - a +2 leather armour (worn)
 e - a +0 ring mail
 k - a +0 plate armour
 o - a +0 pair of gloves (worn)
 t - a +0 cloak (worn)
Magical devices
 x - a wand of teleportation (0)
Comestibles
 c - 2 bread rations
 n - 5 meat rations
 E - 5 chunks of ogre flesh
Scrolls
 j - a scroll of recharging
 m - 2 scrolls of teleportation
 q - 3 scrolls of remove curse
 v - 2 scrolls of identify
 w - 2 scrolls of fog {unknown}
 y - 2 scrolls of enchant weapon II
 z - a scroll of magic mapping
 D - a scroll of summoning {unknown}
Jewellery
 h - a cursed amulet of clarity {unknown}
 B - an amulet of conservation (around neck)
Potions
 g - a potion of degeneration
 i - a potion of heal wounds {unknown}
 p - 2 potions of magic
 s - a potion of invisibility {unknown}
 A - a potion of lignification {unknown}
 C - 2 potions of poison {unknown}


   Skills:
 - Level 3.0 Fighting
 - Level 10.0 Maces & Flails
 + Level 4.6 Armour
 - Level 0.7 Dodging
 + Level 5.1 Stealth


You had 8 spell levels left.
You didn't know any spells.

Dungeon Overview and Level Annotations

Branches:
Dungeon (8/15)             Temple (0/1) D:6
   Lair: D:8-11

Altars:
Cheibriados
Dithmenos
Elyvilon
Fedhas
Xom

Shops:
D:8 [


Innate Abilities, Weirdness & Mutations

You cannot wear boots.
You can spit poison.
Your serpentine skin is tough (AC +3).
You have supernaturally acute eyesight.
Armour fits poorly on your strangely shaped body.
Your system is resistant to poisons.
You cover ground very slowly.
You can translocate small distances at will.


Message History

You closely miss the killer bee. The killer bee stings you.
You hit the killer bee. You freeze the killer bee.
The killer bee is moderately wounded.
The killer bee stings you.
You hit the killer bee. You freeze the killer bee.
The killer bee is heavily wounded.
The killer bee stings you but does no damage.
The killer bee barely misses you.
Unknown command.
You hit the killer bee. You freeze the killer bee.
The killer bee is severely wounded.
The killer bee stings you.
You hit the killer bee. You freeze the killer bee.
The killer bee is severely wounded.
The killer bee stings you!
Unknown command.
You hit the killer bee. You freeze the killer bee.
The killer bee explodes!
The fiery explosion engulfs you!
You die...

### ....... .....%k.
#........ #...........
#.....#......
........... ..#
####§...# ... ..#.
#.@§k...# .. ..#.
#.###<..##. ..#.
...........#.####+#.#.
...$................>.
...###.##..###..U......#
. ... #..###.#.##....#
##. #......#.k...<.# #.
#..#.#.#..#..... .
...............#


You could see a killer bee.

Vanquished Creatures
  Pikel (D:4)
  Prince Ribbit (D:5)
  Menkaure (D:7)
  A tengu zombie (D:7)
  A sky beast (D:6)
  A slave (D:4)
  A phantom (D:7)
  An ogre (D:7)
  A giant frog (D:7)
  4 scorpions
  A wight (D:6)
  2 big fish (D:5)
  A black bear zombie (D:7)
  A jelly (D:7)
  An orc priest (D:7)
  3 worker ants
  Ijyb (D:4)
  7 adders
  A worker ant zombie (D:6)
  An orc skeleton (D:6)
  A shadow imp (D:6)
  A worm (D:2)
  A giant eyeball (D:6)
  A giant gecko (D:1)
  An ooze (D:1)
  3 orcs (D:7)
  9 goblins
  9 hobgoblins
  5 jackals
  A quokka (D:8)
  10 bats
  A giant cockroach (D:2)
  2 giant newts
  9 kobolds
  A kobold skeleton (D:4)
  A kobold zombie (D:6)
  10 rats
98 creatures vanquished.

Vanquished Creatures (collateral kills)
  A wight (D:6)
  A giant newt (D:6)
2 creatures vanquished.

Vanquished Creatures (others)
  A slave (D:4)
  A scorpion (D:4)
  A quasit (D:8)
  A crimson imp (D:5)
  A white imp (D:4)
  An ufetubus (D:7)
  A giant cockroach (D:1)
  9 toadstools (D:5)
16 creatures vanquished.

Grand Total: 116 creatures vanquished

Notes
Turn   | Place    | Note
--------------------------------------------------------------
     0 | D:1      | JacquesDerrida, the Naga Chaos Knight, began the quest for the Orb.
     0 | D:1      | Reached XP level 1. HP: 21/21 MP: 1/1
   202 | D:1      | XOM: harmless Conj miscast
   208 | D:1      | HP: 1/21 [hobgoblin (2)]
   209 | D:1      | Reached XP level 2. HP: 1/28 MP: 2/2
   228 | D:1      | HP: 1/28 [bat (1)]
   686 | D:1      | XOM: potion effect (invisibility)
   695 | D:1      | Reached skill level 4 in Maces & Flails
   724 | D:2      | Reached XP level 3. HP: 3/34 MP: 3/3
  1489 | D:2      | XOM: divination: detect creatures
  1517 | D:3      | Reached XP level 4. HP: 29/42 MP: 4/4
  1714 | D:3      | Noticed a scorpion
  1721 | D:3      | Killed a scorpion
  1721 | D:3      | Reached skill level 5 in Maces & Flails
  1736 | D:3      | Reached XP level 5. HP: 42/49 MP: 5/5
  1781 | D:3      | Found a white marble altar of Elyvilon.
  1830 | D:3      | XOM: silly message
  1900 | D:3      | XOM: silly message
  2011 | D:4      | Noticed a slave
  2012 | D:4      | Noticed a slave
  2031 | D:4      | Killed a slave
  2157 | D:4      | Reached skill level 6 in Maces & Flails
  2170 | D:4      | Noticed a slave
  2171 | D:4      | Noticed Pikel
  2173 | D:4      | Noticed a slave
  2179 | D:4      | XOM: summons friendly white imp
  2190 | D:4      | XOM: harmless Summ miscast
  2197 | D:4      | XOM: confuse monster(s)
  2203 | D:4      | Killed Pikel
  2203 | D:4      | Reached skill level 8 in Maces & Flails
  2203 | D:4      | Reached XP level 6. HP: 43/56 MP: 6/6
  2203 | D:4      | Reached XP level 7. HP: 47/62 MP: 7/7
  2303 | D:4      | Noticed Ijyb
  2319 | D:4      | Killed Ijyb
  2396 | D:4      | XOM: divination: detect creatures
  2406 | D:5      | Entered Level 5 of the Dungeon
  2438 | D:4      | Killed a freed slave
  2622 | D:5      | Noticed Prince Ribbit
  2627 | D:5      | Gained mutation: Your muscles are strong. (Str +2) [potion of mutation]
  2627 | D:5      | Gained mutation: Your muscles are very strong. (Str +4) [potion of mutation]
  2627 | D:5      | Gained mutation: You have a fast metabolism. [potion of mutation]
  2628 | D:5      | Gained mutation: You can translocate small distances at will. [potion of mutation]
  2628 | D:5      | Lost mutation: Your muscles are very strong. (Str +4) [potion of mutation]
  2628 | D:5      | Gained mutation: Your muscles are very strong. (Str +4) [potion of mutation]
  2636 | D:5      | XOM: summons friendly crimson imp
  2643 | D:5      | Killed Prince Ribbit
  2678 | D:5      | Found a blossoming altar of Fedhas.
  2691 | D:5      | Reached XP level 8. HP: 32/69 MP: 8/8
  2695 | D:5      | Reached skill level 9 in Maces & Flails
  2839 | D:6      | Found a staircase to the Ecumenical Temple.
  2848 | D:6      | Paralysed by a giant eyeball for 2 turns
  2899 | D:6      | XOM: silly message
  3067 | D:6      | XOM: mild Trmt miscast
  3132 | D:6      | KEK
  3133 | D:6      | PLS NO
  3186 | D:6      | XOM: confuse monster(s)
  3200 | D:6      | XOM: noise
  3240 | D:6      | Reached skill level 1 in Stealth
  3251 | D:6      | XOM: confuse monster(s)
  3395 | D:7      | Found a snail-covered altar of Cheibriados.
  3409 | D:7      | Noticed Menkaure
  3410 | D:7      | XOM: divination: magic mapping
  3418 | D:7      | Killed Menkaure
  3648 | D:7      | XOM: potion effect (invisibility)
  3756 | D:7      | Reached XP level 9. HP: 41/75 MP: 9/9
  3829 | D:7      | XOM: summons friendly ufetubus
  3932 | D:7      | XOM: mild Summ miscast
  4026 | D:7      | Found a shadowy altar of Dithmenos.
  4026 | D:7      | Found a shimmering altar of Xom.
  4026 | D:7      | XOM: 2-stop teleportation journey
  4169 | D:7      | XOM: give mutations
  4169 | D:7      | Lost mutation: You have a fast metabolism. [Xom's mischief]
  4169 | D:7      | Lost mutation: Your muscles are very strong. (Str +4) [Xom's mischief]
  4169 | D:7      | Lost mutation: Your muscles are strong. (Str +2) [Xom's mischief]
  4264 | D:8      | Found Suahau's Antique Armour Boutique.
  4305 | D:8      | XOM: summons friendly quasit
  4316 | D:7      | Reached skill level 10 in Maces & Flails
  4316 | D:7      | Reached skill level 5 in Stealth
  4347 | D:8      | XOM: inner flame monster(s)
  4356 | D:8      | Killed from afar by a killer bee

Action                   |  1- 3 |  4- 6 |  7- 9 || total
-------------------------+-------+-------+-------++-------
Melee: Mace              |   124 |    66 |       ||   190
       Whip              |       |       |   333 ||   333
Throw: Stone             |     9 |       |     5 ||    14
       Dart              |     3 |     6 |       ||     9
Evoke: Wand              |       |       |     2 ||     2
  Use: Potion            |       |     1 |     4 ||     5
       Scroll            |       |       |    13 ||    13
 Stab: Invisible         |     2 |       |     9 ||    11
       Confused          |       |     1 |       ||     1
